 Dungeon Crawl Stone Soup version 0.29-a0-887-gcbe080d7e0 (webtiles) character file.

Game seed: 13410166999383804436

242 night the Poker (level 6, -6/53 HPs)
             Began as a Gnoll Cinder Acolyte on July 21, 2022.
             Was a High Priest of Ignis.
             Mangled by an iguana (11 damage)
             ... on level 4 of the Dungeon.
             The game lasted 00:07:19 (4334 turns).

night the Poker (Gnoll Cinder Acolyte)              Turns: 4334, Time: 00:07:20

Health: -6/53      AC:  3    Str: 13    XL:     6   Next: 9%
Magic:  2/11       EV:  7    Int: 15    God:    Ignis [*****.]
Gold:   104        SH: 10    Dex:  8    Spells: 7/11 levels left

rFire   + . .      SeeInvis .   a - -1 spear (flame)
rCold   . . .      Faith    .   r - +0 tower shield
rNeg    . . .      Spirit   .   b - +0 robe
rPois   .          Reflect  .   (no helmet)
rElec   .          Harm     .   o - +0 cloak
rCorr   .          Rampage  .   (no gloves)
Will    .....                   (no boots)
Stlth   ++........              (no amulet)
HPRegen 0.17/turn               (no ring)
MPRegen 0.12/turn               (no ring)

@: very slightly contaminated
A: fangs 1, strong nose, distributed training
a: Renounce Religion, Fiery Armour, Foxfire Swarm, Rising Flame


You were on level 4 of the Dungeon.
You worshipped Ignis.
Ignis was extremely pleased with you.
You visited 1 branch of the dungeon, and saw 4 of its levels.

You collected 104 gold pieces.

Inventory:

Hand Weapons
 a - a -1 spear of flaming (weapon)
Missiles
 h - 12 poisoned darts (quivered)
 i - 5 boomerangs
 s - 4 javelins
Armour
 b - a +0 robe (worn)
 o - a +0 cloak (worn)
 r - a +0 tower shield (worn)
Scrolls
 c - a scroll of vulnerability
 d - 2 scrolls of teleportation
 e - 2 scrolls of fog
 j - a scroll of blinking
 n - a scroll of identify
 t - a scroll of magic mapping {unknown}
 u - a scroll of enchant weapon {unknown}
Potions
 f - 2 potions of haste
 g - a potion of attraction {unknown}
 k - a potion of heal wounds {unknown}
 l - 2 potions of ambrosia {unknown}
 m - a potion of flight {unknown}
 p - a potion of degeneration {unknown}
 q - a potion of curing {unknown}


   Skills:
 + Level 6.8 Fighting
 + Level 1.9 Short Blades
 + Level 1.9 Long Blades
 + Level 1.9 Axes
 + Level 1.9 Maces & Flails
 + Level 6.8 Polearms
 + Level 1.9 Staves
 + Level 1.9 Ranged Weapons
 + Level 1.9 Throwing
 + Level 1.9 Armour
 + Level 1.9 Dodging
 + Level 1.9 Stealth
 + Level 1.9 Shields
 + Level 1.9 Unarmed Combat
 + Level 3.4 Spellcasting
 + Level 1.5 Conjurations
 + Level 1.5 Hexes
 + Level 1.5 Summonings
 + Level 1.5 Necromancy
 + Level 1.5 Translocations
 + Level 1.5 Transmutations
 + Level 5.6 Fire Magic
 + Level 1.5 Ice Magic
 + Level 1.5 Air Magic
 + Level 1.5 Earth Magic
 + Level 1.5 Poison Magic
 + Level 2.1 Invocations
 + Level 1.9 Evocations


You had 7 spell levels left.
You knew the following spells:

 Your Spells              Type           Power      Damage    Failure   Level
a - Scorch                Fire           38%        2d7       38%         2
b - Blink                 Tloc           14%        N/A       93%         2

Your spell library contained the following spells:

 Spells                   Type           Power      Damage    Failure   Level
 Manifold Assault         Tloc           7%         N/A       100%        5
 Storm Form               Tmut/Air       3%         N/A       100%        7


Dungeon Overview and Level Annotations

Branches:
Dungeon (4/15)
 Temple: D:4-7

Altars:
Uskayaw


Innate Abilities, Weirdness & Mutations

You have very sharp teeth.
Your uncanny sense of smell can sniff out nearby items.
Your experience applies equally to all skills.


Message History

The iguana is moderately wounded.
The iguana's fire resistance burns away.
The gnoll barely misses you.
Unknown command.
Casting: Scorch (dangerous; 38% risk of failure)
Confirm with . or Enter, or press ? or * to list all spells.
Flames lash the iguana.
The iguana is burned terribly!
The iguana is heavily wounded.
The gnoll hits you from afar with a +0 spear.
The iguana bites you!
Unknown command.
Casting: Scorch (dangerous; 38% risk of failure)
Confirm with . or Enter, or press ? or * to list all spells.
You miscast Scorch.
Nothing appears to happen.
The iguana bites you!
The gnoll hits you from afar with a +0 spear!
* * * LOW HITPOINT WARNING * * *
Casting: Scorch (dangerous; 38% risk of failure)
Confirm with . or Enter, or press ? or * to list all spells.
Flames lash the gnoll.
The gnoll is heavily wounded.
The gnoll's fire resistance burns away.
The iguana closely misses you. The gnoll closely misses you.
Unknown command.
You hit the iguana but do no damage.
The iguana is heavily wounded.
You block the iguana's attack.
The gnoll hits you from afar with a +0 spear!
* * * LOW HITPOINT WARNING * * *
You hit the iguana. You burn the iguana. You bite the iguana, but do no damage.
The iguana is severely wounded.
The iguana bites you but does no damage.
The gnoll hits you from afar with a +0 spear.
* * * LOW HITPOINT WARNING * * *
Casting: Scorch (dangerous; 38% risk of failure)
Confirm with . or Enter, or press ? or * to list all spells.
You don't have enough magic to cast this spell.
Activating: Foxfire Swarm
Press: ? - help, Dir - look around, f - activate Flames leap up around you!
The iguana bites you!
You die... .. .# .# #.# # ..# #. vv#

..###g##vv#
.....vl@vv#
...#.vvvvv.....
....#vvvvv.....
...............
. .............
......######.##
...... #.#§
...... .#§


You could see an iguana (combustible, ally target) and a gnoll (combustible,
ally target).

Vanquished Creatures
  A hound (D:3)
  Crazy Yiuf (D:3)
  An orc wizard (D:3)
  5 adders
  2 gnolls (D:3)
  A worm (D:2)
  A dart slug (D:2)
  7 orcs (D:3)
  8 endoplasms
  2 giant cockroaches
  7 goblins
  7 hobgoblins
  5 jackals (D:3)
  3 quokkas
  10 ball pythons
  3 bats
  3 frilled lizards
  3 kobolds
  7 rats
77 creatures vanquished.

Vanquished Creatures (others)
  An orc (D:3)
  A fungus (D:3)
  7 plants (D:3)
9 creatures vanquished.

Grand Total: 86 creatures vanquished

Notes
Turn   | Place    | Note
-------+----------+-------------------------------------------
     0 | D:1      | night the Gnoll Cinder Acolyte began the quest for the Orb.
     0 | D:1      | Reached XP level 1. HP: 23/23 MP: 4/4
   474 | D:1      | Reached XP level 2. HP: 29/29 MP: 5/5
   478 | D:1      | Learned a level 2 spell: Scorch
   849 | D:1      | Found Yrutor's Jewellery Shop.
   963 | D:1      | Reached XP level 3. HP: 35/35 MP: 1/7
  1437 | D:2      | Reached skill level 1 in Invocations
  1615 | D:2      | Identified the +5 giant club of Fatigue {flame, rF+}
  1793 | D:2      | Reached skill level 1 in Short Blades
  1793 | D:2      | Reached skill level 1 in Long Blades
  1793 | D:2      | Reached skill level 1 in Axes
  1793 | D:2      | Reached skill level 1 in Maces & Flails
  1793 | D:2      | Reached skill level 1 in Staves
  1793 | D:2      | Reached skill level 1 in Ranged Weapons
  1793 | D:2      | Reached skill level 1 in Throwing
  1793 | D:2      | Reached skill level 1 in Armour
  1793 | D:2      | Reached skill level 1 in Dodging
  1793 | D:2      | Reached skill level 1 in Stealth
  1793 | D:2      | Reached skill level 1 in Shields
  1793 | D:2      | Reached skill level 1 in Unarmed Combat
  1793 | D:2      | Reached skill level 1 in Evocations
  1973 | D:2      | Reached XP level 4. HP: 37/41 MP: 8/8
  2273 | D:2      | Learned a level 2 spell: Blink
  2480 | D:2      | Reached skill level 1 in Conjurations
  2480 | D:2      | Reached skill level 1 in Hexes
  2480 | D:2      | Reached skill level 1 in Summonings
  2480 | D:2      | Reached skill level 1 in Necromancy
  2480 | D:2      | Reached skill level 1 in Translocations
  2480 | D:2      | Reached skill level 1 in Transmutations
  2480 | D:2      | Reached skill level 1 in Ice Magic
  2480 | D:2      | Reached skill level 1 in Air Magic
  2480 | D:2      | Reached skill level 1 in Earth Magic
  2480 | D:2      | Reached skill level 1 in Poison Magic
  2958 | D:3      | Reached XP level 5. HP: 38/47 MP: 5/9
  3401 | D:3      | Found a faded altar of an unknown god.
  3614 | D:3      | Found a hide-covered altar of Uskayaw.
  3765 | D:3      | Found a runed translucent door.
  3766 | D:3      | Noticed Crazy Yiuf
  3773 | D:3      | Killed Crazy Yiuf
  3774 | D:3      | Reached skill level 2 in Invocations
  4023 | D:3      | Reached XP level 6. HP: 16/53 MP: 3/11
  4332 | D:4      | HP: 7/53 [gnoll/+0 spear (8)]
  4334 | D:4      | Mangled by an iguana

Illustrated notes

Levels and vault maps discovered:
D:1:      mrwooster_arrival_statue_2, layout_loops_ring, serial_shops,
          nicolae_shop_hallway_stairs, minmay_domino_4
D:2:      layout_basic, hangedman_decor_opposing, minmay_small_reverse_x
D:3:      layout_loops_ring, nicolae_uskayaw_suspiria,
          shapermc_ecumenical_altar_totnotflames, serial_bayou_crossing,
          uniq_crazy_yiuf_cottage
D:4:      layout_rooms, lightli_temple_of_fire, nicolae_qazlal_eye_of_the_storm,
          nemelex_dance_club_becter, serial_shops, shop

Skill      XL: |  1  2  3  4  5 |
---------------+----------------+-----
Invocations    | 1 2 |  2.1
Short Blades   | 1 |  1.9
Long Blades    | 1 |  1.9
Axes           | 1 |  1.9
Maces & Flails | 1 |  1.9
Staves         | 1 |  1.9
Ranged Weapons | 1 |  1.9
Throwing       | 1 |  1.9
Armour         | 1 |  1.9
Dodging        | 1 |  1.9
Stealth        | 1 |  1.9
Shields        | 1 |  1.9
Unarmed Combat | 1 |  1.9
Evocations     | 1 |  1.9
Spellcasting   | 3 |  3.4
Conjurations   | 1 |  1.5
Hexes          | 1 |  1.5
Summonings     | 1 |  1.5
Necromancy     | 1 |  1.5
Translocations | 1 |  1.5
Transmutations | 1 |  1.5
Ice Magic      | 1 |  1.5
Air Magic      | 1 |  1.5
Earth Magic    | 1 |  1.5
Poison Magic   | 1 |  1.5
Fighting       | |  6.8
Polearms       | |  6.8
Fire Magic     | |  5.6

Action                   |  1- 3 |  4- 6 || total
-------------------------+-------+-------++-------
Melee: Spear             |    55 |    97 ||   152
       Bite              |     1 |     8 ||     9
 Cast: Scorch            |    24 |    32 ||    56
Invok: Fiery Armour      |       |     1 ||     1
       Foxfire Swarm     |       |     1 ||     1
  Use: Scroll            |     2 |     5 ||     7
 Stab: Sleeping          |     1 |     3 ||     4
Armor: Robe              |     8 |    23 ||    31
Dodge: Dodged            |    21 |    31 ||    52
Block: Tower shield      |       |    51 ||    51

Table legend: (Time is in decaauts)
 A = Elapsed time spent in this place.
 B = Non-inter-level travel time spent in this place.
 C = Inter-level travel time spent in this place.
 D = Time resting spent in this place.
 E = Time spent auto-exploring this place.
 F = Levels seen in this place.
 G = Mean time per level.
                   A        B        C        D        E       F      G
               +--------+--------+--------+--------+--------+-----+--------+
         Total |   4345 |   4285 |     60 |    665 |   3107 |   4 | 1086.2 |
       Dungeon |   4345 |   4285 |     60 |    665 |   3107 |   4 | 1086.2 |
               +--------+--------+--------+--------+--------+-----+--------+

Top non-repeatable levels by time:
     D:3: 1645 daAuts
     D:1: 1415 daAuts
     D:2: 1267 daAuts
     D:4: 16 daAuts
